 Dungeon Crawl Stone Soup version 0.30-a0-782-ge64f9170bb (webtiles) character file.

Game seed: 3881639295585408169

271 funkygono the Covered (level 6, -11/55 HPs)
             Began as a Minotaur Fighter on Mar 14, 2023.
             Mangled by an orc
             ... wielding a +1 whip of electrocution
              (18 damage)
             ... on level 4 of the Dungeon.
             The game lasted 00:04:37 (2940 turns).

funkygono the Covered (Minotaur Fighter)            Turns: 2940, Time: 00:04:37

Health: -11/55     AC:  9    Str: 22    XL:     6   Next: 2%
Magic:  14/14      EV:  6    Int:  5    God:
Gold:   158        SH:  0    Dex: 10    Spells: 5/5 levels left

rFire   . . .      SeeInvis .    a - +0 war axe
rCold   . . .      Faith    .    v - +0 kite shield
rNeg    . . .      Spirit   .    w - +0 chain mail
rPois   .          Reflect  .    (helmet restricted)
rElec   .          Harm     .    (no cloak)
rCorr   .          Rampage  .    (no gloves)
Will    .....                    (no boots) Stlth
                                 (no amulet)
HPRegen 0.29/turn                q - ring of magical power
MPRegen 0.14/turn                (no ring)

@: confused
A: horns 2, retaliatory headbutt
a: no special abilities


You were on level 4 of the Dungeon.
You visited 1 branch of the dungeon, and saw 4 of its levels.

You collected 158 gold pieces.

Inventory:

Hand Weapons
 a - a +0 war axe (weapon)
Armour
 c - a +0 buckler
 u - a +2 robe of willpower
 v - a +0 kite shield (worn)
 w - a +0 chain mail (worn)
Jewellery
 b - a ring of fire
 q - a ring of magical power (left hand)
Scrolls
 g - 3 scrolls of immolation {unknown}
 i - 4 scrolls of identify {unknown}
 k - 2 scrolls of teleportation {unknown}
 m - a scroll of fog {unknown}
 n - a scroll of torment {unknown}
 o - a scroll of poison {unknown}
 r - a scroll of enchant weapon {unknown}
 s - a scroll of vulnerability {unknown}
Potions
 d - 6 potions of might
 e - a potion of magic {unknown}
 f - 2 potions of brilliance {unknown}
 h - 3 potions of haste {unknown}
 j - a potion of degeneration {unknown}
 l - 2 potions of heal wounds {unknown}
 p - a potion of invisibility {unknown}
 t - 2 potions of curing {unknown}


   Skills:
 + Level 4.9 Fighting
 + Level 4.9 Axes
 + Level 5.2 Armour
 + Level 1.0 Dodging
 + Level 4.3 Shields


You had 5 spell levels left.
You didn't know any spells.
Your spell library contained the following spells:

 Spells                   Type           Power      Damage    Failure   Level
 Sublimation of Blood     Necr           0%         N/A       100%        2
 Wereblood                Tmut           0%         N/A       100%        2
 Summon Hydra             Summ           0%         N/A       100%        7


Dungeon Overview and Level Annotations

Branches:
Dungeon (4/15)
 Temple: D:4-7

Altars:

Shops:
D:4 =


Innate Abilities, Weirdness & Mutations

You have a pair of horns on your head.
You reflexively headbutt those who attack you in melee.


Message History

The slug dart hits you but does no damage.
You're too confused to move!
The orc shouts!
The white imp gestures at you. The puff of frost hits you!
The orc hits you but does no damage.
You hear some strange, mumbled words.
A magic dart appears from out of thin air!
The magic dart hits you but does no damage.
You closely miss something. Your headbutt misses something.
You closely miss the goblin. You barely miss the orc. You miss something.
Something hits you but does no damage. The orc hits you with a +0 short sword.
You hear some strange, mumbled words.
Something tries to affect you, but you resist.
The goblin hits you but does no damage.
You completely miss something. You miss the goblin. You hit the orc.
You completely miss something. The orc hits you with a +0 short sword.
Something hits you but does no damage.
The goblin hits you but does no damage. x2
Something hits you but does no damage. The orc barely misses you.
The orc hits you with a +0 short sword. The white imp barely misses you.
You hear some strange, mumbled words.
You are more confused.
You closely miss something. You closely miss the orc. You slash the goblin!
You kill the goblin!
You miss something. You hit the orc.
You kill the orc!
You barely miss the white imp. The white imp gestures at you.
The puff of frost hits you! Something hits you.
* * * LOW HITPOINT WARNING * * *
Something hits you.
* * * LOW HITPOINT WARNING * * *
You completely miss something. You closely miss the orc.
You closely miss the white imp. You slash something!
The white imp hits you but does no damage.
Something hits you but does no damage. The orc hits you with a +0 whip.
* * * LOW HITPOINT WARNING * * *
Something hits you but does no damage. Something hits you.
* * * LOW HITPOINT WARNING * * *
The orc hits you but does no damage.
You are electrocuted!!
You die...

#####.#.# ..
........####.
##.......... ..
........?.. ...
..........# ....
...##.......##....
...........5......
....##....@ow.#####
.........)o{....?..
.......>..)).######
.........†.†##
...........##
..........##
..#+#...## #.#.###
#.#..#


You could see a white imp, a dart slug and 2 orcs.

Vanquished Creatures
  Jessica (D:2)
  An iguana (D:3)
  2 orc wizards
  Robin (D:2)
  4 gnolls (D:3)
  4 adders
  A dart slug (D:1)
  8 orcs
  4 bats
  3 endoplasms
  5 giant cockroaches
  15 goblins
  5 hobgoblins
  4 quokkas
  7 ball pythons
  2 frilled lizards
  5 kobolds
  4 rats
76 creatures vanquished.

Notes
Turn   | Place    | Note
-------+----------+-------------------------------------------
     0 | D:1      | funkygono the Minotaur Fighter began the quest for the Orb.
     0 | D:1      | Reached XP level 1. HP: 19/19 MP: 0/0
   152 | D:1      | Reached skill level 4 in Armour
   198 | D:1      | Reached XP level 2. HP: 27/27 MP: 1/1
   942 | D:2      | Reached XP level 3. HP: 33/33 MP: 2/2
  1087 | D:2      | Noticed Robin
  1118 | D:2      | Killed Robin
  1119 | D:2      | Reached XP level 4. HP: 18/40 MP: 3/3
  1398 | D:2      | Found a faded altar of an unknown god.
  1447 | D:2      | Noticed Jessica
  1453 | D:2      | Killed Jessica
  2028 | D:3      | Reached skill level 5 in Armour
  2028 | D:3      | Reached XP level 5. HP: 33/46 MP: 4/4
  2312 | D:3      | Reached skill level 1 in Dodging
  2903 | D:4      | Found Heomp's Jewellery Emporium.
  2927 | D:4      | Reached XP level 6. HP: 51/55 MP: 5/5
  2940 | D:4      | Mangled by an orc

Illustrated notes

Levels and vault maps discovered:
D:1:      matt_arrival_debris, layout_basic, chequers_serial_rivers_micro_b
D:2:      layout_basic, shapermc_ecumenical_altar_ellora, uniq_jessica,
          uniq_robin
D:3:      layout_loops_cross
D:4:      layout_rooms, minmay_temple_entry_proselytizer, serial_shops,
          nicolae_shop_hallway_stairs

Skill      XL: |  1  2  3  4  5 |
---------------+----------------+-----
Armour         | 4 5 |  5.2
Shields        | 4 |  4.3
Axes           | 3 4 |  4.9
Fighting       | 4 |  4.9
Dodging        | 1 |  1.0

Action                     |  1- 3 |  4- 6 || total
---------------------------+-------+-------++-------
  Melee: War axe           |    85 |    77 ||   162
         Headbutt          |    11 |     8 ||    19
 Armour: Scale mail        |    46 |    21 ||    67
         Chain mail        |       |    63 ||    63
  Dodge: Dodged            |    52 |    42 ||    94
  Block: Buckler           |    19 |     3 ||    22
         Kite shield       |       |    36 ||    36

Table legend: (Time is in decaauts)
 A = Elapsed time spent in this place.
 B = Non-inter-level travel time spent in this place.
 C = Inter-level travel time spent in this place.
 D = Time resting spent in this place.
 E = Time spent auto-exploring this place.
 F = Levels seen in this place.
 G = Mean time per level.
                   A        B        C        D        E       F      G
               +--------+--------+--------+--------+--------+-----+--------+
         Total |   3004 |   2914 |     90 |      0 |   2380 |   4 |  751.0 |
       Dungeon |   3004 |   2914 |     90 |      0 |   2380 |   4 |  751.0 |
               +--------+--------+--------+--------+--------+-----+--------+

Top non-repeatable levels by time:
     D:3: 1098 daAuts
     D:2: 1066 daAuts
     D:1: 796 daAuts
     D:4: 43 daAuts
